 Dungeon Crawl Stone Soup version 0.17.1-3-g152610e (webtiles) character file.

232 jacquesderrida the Caller (level 5, -17/31 HPs)
             Began as a High Elf Summoner on Apr 6, 2016.
             Demolished by a decayed bog body (18 damage)
             ... in an ossuary.
             The game lasted 00:09:51 (1358 turns).

jacquesderrida the Caller (High Elf Summoner)       Turns: 1358, Time: 00:09:51

Health: -17/31     AC:  6    Str:  8    XL:     5   Next: 73%
Magic:  2/10       EV: 13    Int: 18    God:
Gold:   123        SH:  0    Dex: 16    Spells: 3 memorised, 4 levels left

rFire  . . .     SeeInvis .     j - +0 short sword
rCold  . . .     Clarity  .     a - +0 robe
rNeg   . . .     SustAt   .     (no shield)
rPois  .         Gourm    .     q - +2 helmet
rElec  .         Spirit   .     (no cloak)
rCorr  .         Warding  .     d - +0 pair of gloves
rMut   .         Stasis   .     (no boots)
MR     .....                    (no amulet)
Stlth  ++........               (no ring)
                                (no ring)

@: slowed, very slow, not resistant to hostile enchantments, unstealthy
A: no striking features
a: no special abilities


You were in an ossuary.
You were very hungry.

You visited 1 branch of the dungeon, and saw 5 of its levels.
You also visited: Ossuary.

You collected 123 gold pieces.

Inventory:

Hand Weapons
 j - a +0 short sword (weapon)
 l - a +0 hand axe
Missiles
 e - 5 tomahawks (quivered)
Armour
 a - a +0 robe (worn)
 d - a +0 pair of gloves (worn)
 q - a +2 helmet (worn)
Wands
 f - a wand of digging (10)
Scrolls
 g - 3 scrolls of identify {unknown}
 h - 2 scrolls of remove curse {unknown}
 i - 2 scrolls of amnesia {unknown}
 m - a scroll of teleportation {unknown}
Books
 b - a book of Callings

   Spells                             Type                      Level
   a - Summon Small Mammal            Summoning                    1
   b - Call Imp                       Summoning                    2
   c - Call Canine Familiar           Summoning                    3
   d - Summon Guardian Golem          Hexes/Summoning              3
   e - Summon Lightning Spire         Summoning/Air                4
   f - Summon Ice Beast               Ice/Summoning                4
Comestibles
 c - a bread ration
 k - a fruit
 n - a beef jerky
 o - 2 meat rations


   Skills:
 - Level 2.1 Dodging
 - Level 2.1 Stealth
 - Level 3.1 Spellcasting
 * Level 6.2 Summonings


You had 4 spell levels left.
You knew the following spells:

 Your Spells              Type           Power        Failure   Level  Hunger
a - Summon Small Mammal   Summ           ####         1%          1    None
b - Call Imp              Summ           ####....     1%          2    ##.....
c - Call Canine Familiar  Summ           ####....     3%          3    ###....


Dungeon Overview and Level Annotations

Branches:
Dungeon (5/15)
 Temple: D:4-7

Altars:
Fedhas
Yredelemnul
The Shining One

Annotations:
D:3 Sigmund


Message History

Aim: a decayed bog body You throw a tomahawk.
The tomahawk hits the decayed bog body.
The decayed bog body is lightly damaged.
The decayed bog body hits you!!
Ouch! That really hurt!
* * * LOW HITPOINT WARNING * * *
The decayed bog body touches you but does no damage.
Drink which item? (? for menu, Esc to quit)
It was a potion of heal wounds.
You feel much better.
The decayed bog body points at you and mumbles some strange words.
You feel as though you will be slow longer.
The decayed bog body hits you!
Ouch! That really hurt!
* * * LOW HITPOINT WARNING * * *
The decayed bog body touches you but does no damage.
Unknown command.
The decayed bog body barely misses you. The decayed bog body misses you.
The decayed bog body hits you!!
Ouch! That really hurt!
You die...

#≈ ##≈≈ ## ≈#≈
#≈ ≈≈ #P .#
#≈##+#(#≈#+#≈≈≈
#....≈†.≈≈.≈..
##≈≈##(##+##+#
#≈P #@.(# ≈
#.n.# #..∩#
#####


You could see a decayed bog body.

Vanquished Creatures
  A bog body (Ossuary)
  An adder (D:4)
  A giant cockroach (D:4)
  A bat (D:3)
  A giant newt (D:2)
  A kobold (D:2)
  A rat (D:3)
7 creatures vanquished.

Vanquished Creatures (collateral kills)
  An ogre (D:4)
  2 bog bodies (Ossuary)
  3 orc wizards (D:4)
  A worker ant (D:4)
  6 adders
  2 giant geckos
  An orc (D:4)
  5 bats
  5 hobgoblins
  6 jackals
  4 quokkas
  5 goblins
  3 kobolds
  2 rats
46 creatures vanquished.

Vanquished Creatures (others)
  A quokka skeleton (D:4)
  A plant (Ossuary)
2 creatures vanquished.

Grand Total: 55 creatures vanquished

Notes
Turn   | Place    | Note
--------------------------------------------------------------
     0 | D:1      | jacquesderrida the High Elf Summoner began the quest for the Orb.
     0 | D:1      | Reached XP level 1. HP: 11/11 MP: 4/4
   252 | D:2      | Reached XP level 2. HP: 6/17 MP: 3/6
   275 | D:2      | Learned a level 2 spell: Call Imp
   472 | D:2      | Reached skill level 4 in Summonings
   737 | D:3      | Reached XP level 3. HP: 18/21 MP: 3/8
   796 | D:3      | Learned a level 3 spell: Call Canine Familiar
   849 | D:3      | Noticed Sigmund
  1035 | D:4      | Noticed an ogre
  1043 | D:4      | Killed an ogre
  1043 | D:4      | Reached skill level 5 in Summonings
  1043 | D:4      | Reached XP level 4. HP: 27/27 MP: 3/9
  1118 | D:4      | Found a glowing golden altar of the Shining One.
  1120 | D:4      | Noticed an angel
  1125 | D:4      | Found a basalt altar of Yredelemnul.
  1127 | D:4      | Noticed a profane servitor
  1227 | D:4      | Reached XP level 5. HP: 29/31 MP: 4/10
  1312 | D:5      | Entered Level 5 of the Dungeon
  1312 | D:5      | Found a blossoming altar of Fedhas.
  1312 | D:5      | Found a sand-covered staircase.
  1320 | Ossuary  | Entered an ossuary
  1333 | Ossuary  | Reached skill level 6 in Summonings
  1355 | Ossuary  | HP: 1/31 [decayed bog body (24)]
  1358 | Ossuary  | Demolished by a decayed bog body

Action                   |  1- 3 |  4- 6 || total
-------------------------+-------+-------++-------
Melee: Unarmed           |     1 |       ||     1
       Short sword       |     8 |     4 ||    12
Throw: Tomahawk          |    13 |     9 ||    22
 Cast: Summon Small Mamm |    26 |       ||    26
       Call Imp          |    16 |     7 ||    23
       Call Canine Famil |     4 |     6 ||    10
  Use: Potion            |     1 |     1 ||     2
  Eat: Chunk             |     1 |     1 ||     2
